 Dungeon Crawl Stone Soup version 0.31-a0-4-gefa6de2278 (webtiles) character file.

Game seed: 8339649349474864379

240 subawu the Ruffian (level 5, 0/63 HPs)
             Began as a Draconian Transmuter on May 3, 2023.
             Slain by Grinder (1 damage)
             ... on level 3 of the Dungeon.
             The game lasted 00:14:22 (2434 turns).

subawu the Ruffian (Draconian Transmuter)           Turns: 2434, Time: 00:14:23

Health: 0/63       AC: 22    Str: 15    XL:     5   Next: 79%
Magic:  8/8        EV: -1    Int: 13    God:
Gold:   139        SH:  0    Dex: 11    Spells: 2/8 levels left

rFire   . . .        b - +0 hand axe (flame)
rCold   . . .        (no shield)
rNeg    . . .        (body armour unavailable)
rPois   +            (helmet currently unavailable)
rElec   .            (cloak currently unavailable)
rCorr   .            (gloves currently unavailable)
SInv    .            (boots currently unavailable)
Will    .....        (no amulet)
Stlth   +            (no ring)
HPRegen 0.30/turn    (no ring)
MPRegen 0.11/turn

%: no passive effects
@: tree-form, grasped by roots, constricted
A: stationary, stasis, torment immunity, boosted hp, AC +5, unfitting armour,
(cold-blooded)
a: no special abilities


You were on level 3 of the Dungeon.
You were a tree.
You visited 1 branch of the dungeon, and saw 3 of its levels.

You collected 139 gold pieces.

Inventory:

Hand Weapons
 b - a +0 hand axe of flaming (weapon)
 f - a +1 dagger of holy wrath
 l - the +8 sling of the Spider Nest {drain, rF+ Dex+6 SInv}
   (You found it on level 2 of the Dungeon)

   Dex:       It affects your dexterity (+6).
   rF:        It protects you from fire.
   SInv:      It lets you see invisible.
 o - a +0 club
 r - a +0 mace
 w - a +0 sling
Missiles
 e - 3 poisoned darts (quivered)
 g - 33 stones
 h - 6 boomerangs
 p - a throwing net
Armour
 z - a +0 chain mail
Magical Staves
 v - a staff of air
Jewellery
 u - a ring of protection from fire
 x - an amulet of faith
Wands
 m - a wand of roots (9)
 q - a wand of digging (6)
Scrolls
 j - 3 scrolls of identify
 n - a scroll of magic mapping
Potions
 c - a potion of haste {unknown}
 d - 3 potions of degeneration {unknown}
 k - 3 potions of curing {unknown}


   Skills:
 + Level 2.6 Fighting
 + Level 3.4 Axes
 + Level 1.1 Ranged Weapons
 + Level 2.5 Dodging
 + Level 0.1 Stealth
 + Level 3.5 Unarmed Combat
 + Level 2.2 Spellcasting
 + Level 2.3 Transmutations


You had 2 spell levels left.
You knew the following spells:

 Your Spells              Type           Power      Damage    Failure   Level
a - Beastly Appendage     Tmut           14%        N/A       10%         1
b - Wereblood             Tmut           7%         N/A       14%         2
c - Spider Form           Tmut/Pois      4%         N/A       43%         3

Your spell library contained the following spells:

 Spells                   Type           Power      Damage    Failure   Level
 Slow                     Hex            4%         N/A       26%         1
 Confusing Touch          Hex            1%         N/A       58%         3
 Frozen Ramparts          Ice            2%         1d1       58%         3
 Vampiric Draining        Necr           1%         2d6       58%         3
 Ice Form                 Ice/Tmut       4%         N/A       83%         4
 Summon Ice Beast         Ice/Summ       1%         N/A       94%         4


Dungeon Overview and Level Annotations

Branches:
Dungeon (3/15)

Altars:

Annotations:
D:3 Grinder


Innate Abilities, Weirdness & Mutations

You are a tree.
Your roots penetrate the ground, keeping you stationary.
You cannot be teleported.
You are immune to unholy pain and torment.
Your maximum health is greatly increased.
Your equipment is partially melded.
((Your plain brown scales are hard. (AC +5)))
You cannot fit into any form of body armour.
((You are cold-blooded and may be slowed by cold attacks.))


Message History

The scroll dissolves into smoke.
It was a scroll of fog.
As you read the scroll labelled VUTESHRYVUYSK, it crumbles to dust.
The air around you briefly surges with heat, but it dissipates.
It was a scroll of immolation.
Your surroundings suddenly seem different.
Found 3 scrolls of teleportation.
Found a potion of lignification.
Grinder comes into view.
She is carrying a wand of roots (13).
Grinder says, "FISH!"
You see here 3 scrolls of teleportation.
You barely miss Grinder.
Your tail-slap misses Grinder.
Grinder gestures at you.
You suddenly lose the ability to move!
Grinder zaps a wand.
The roots erupt in riotous growth!
The grasping roots grab you!
Grinder is unaffected.
The grasping roots constrict you. Grinder hits you but does no damage.
The grasping roots constrict you! Grinder hits you.
You writhe in agony.
The grasping roots constrict you!
You can move again.
You hit Grinder. You burn Grinder.
You tail-slap Grinder, but do no damage.
Grinder is lightly wounded.
Grinder barely misses you. The grasping roots constrict you!
* * * LOW HITPOINT WARNING * * *
The grasping roots release their grip on you.
You hit Grinder. You burn Grinder.
Grinder is lightly wounded.
Grinder zaps a wand.
The roots erupt in riotous growth!
The grasping roots grab you!
Grinder is unaffected.
The grasping roots constrict you.
* * * LOW HITPOINT WARNING * * *
Really quaff the potion of lignification? [Y]es or [N]o only, please.
Really quaff the potion of lignification?
Uppercase [Y]es or [N]o only, please.
Really quaff the potion of lignification?
You turn into a tree.
Your roots penetrate the ground.
Grinder hits you.
* * * LOW HITPOINT WARNING * * *
You writhe in agony.
You die...

..........#§####........
.........§#.............
..........############..
..........############..
........................
..........####....#####.
..........# #....# #.
.......5..# #....#####.
.......♣..# #..........
..!.......# #..........
..........# #..........
########### #.!.......†
#....#..... ###########


You could see Grinder.

Vanquished Creatures
  An ice beast (D:3)
  Jessica (D:2)
  Terence (D:2)
  2 adders
  4 worms
  3 dart slugs
  4 ball pythons
  6 bats
  9 endoplasms
  2 giant cockroaches (D:1)
  4 goblins
  4 hobgoblins
  3 jackals (D:1)
  A kobold (D:2)
  2 quokkas
  3 frilled lizards
  7 rats
57 creatures vanquished.

Vanquished Creatures (collateral kills)
  A worm (D:2)
1 creature vanquished.

Grand Total: 58 creatures vanquished

Notes
Turn   | Place    | Note
-------+----------+-------------------------------------------
     0 | D:1      | subawu the Draconian Transmuter began the quest for the
                  | Orb.
     0 | D:1      | Reached XP level 1. HP: 16/16 MP: 3/3
   155 | D:1      | Reached XP level 2. HP: 21/23 MP: 5/5
   817 | D:2      | Reached XP level 3. HP: 21/28 MP: 6/6
   983 | D:2      | Identified the +8 sling of the Spider Nest {drain, rF+
                  | Dex+6 SInv}
  1017 | D:2      | Reached skill level 1 in Axes
  1338 | D:2      | Noticed Jessica
  1354 | D:2      | Killed Jessica
  1355 | D:2      | Reached XP level 4. HP: 26/36 MP: 7/7
  1528 | D:2      | Noticed Terence
  1541 | D:2      | Killed Terence
  1951 | D:3      | Noticed an ice beast
  1963 | D:3      | Killed an ice beast
  1964 | D:3      | Reached skill level 1 in Ranged Weapons
  1964 | D:3      | Reached XP level 5. HP: 16/42 MP: 8/8
  2089 | D:3      | Learned a level 2 spell: Wereblood
  2093 | D:3      | Learned a level 3 spell: Spider Form
  2422 | D:3      | Noticed Grinder
  2428 | D:3      | Paralysed by Grinder for 4 turns
  2434 | D:3      | HP: 1/63 [Grinder (5)]
  2434 | D:3      | Slain by Grinder

Illustrated notes

Levels and vault maps discovered:
D:1:      zelgadis_glass_arrival_small, layout_rooms
D:2:      layout_basic, uniq_terence, uniq_jessica
D:3:      layout_basic, uniq_grinder

Skill      XL: |  1  2  3  4 |
---------------+-------------+-----
Dodging        | 2 |  2.5
Axes           | 1 3 |  3.4
Fighting       | 2 |  2.6
Ranged Weapons | 1 |  1.1
Stealth        | |  0.1
Unarmed Combat | |  3.5
Spellcasting   | |  2.2
Transmutations | |  2.3

Action                     |  1- 3 |  4- 6 || total
---------------------------+-------+-------++-------
  Melee: Hand axe          |    79 |    63 ||   142
         Tailslap          |     6 |     8 ||    14
         Punch             |     2 |       ||     2
         Kick              |       |     2 ||     2
         Headbutt          |       |     2 ||     2
   Fire: Sling             |     8 |       ||     8
  Throw: Dart              |       |     1 ||     1
   Cast: Beastly Appendage |       |     1 ||     1
    Use: Scroll            |     3 |     4 ||     7
         Potion            |     1 |     1 ||     2
 Armour: Skin              |    44 |     9 ||    53
  Dodge: Dodged            |   106 |    46 ||   152

Table legend: (Time is in decaauts)
 A = Elapsed time spent in this place.
 B = Non-inter-level travel time spent in this place.
 C = Inter-level travel time spent in this place.
 D = Time resting spent in this place.
 E = Time spent auto-exploring this place.
 F = Levels seen in this place.
 G = Mean time per level.
                   A        B        C        D        E       F      G
               +--------+--------+--------+--------+--------+-----+--------+
         Total |   2470 |   2224 |    246 |    260 |      0 |   3 |  823.3 |
       Dungeon |   2470 |   2224 |    246 |    260 |      0 |   3 |  823.3 |
               +--------+--------+--------+--------+--------+-----+--------+

Top non-repeatable levels by time:
     D:2: 1149 daAuts
     D:1: 767 daAuts
     D:3: 552 daAuts
